 Dungeon Crawl Stone Soup version 0.31-a0-692-gf03d1854d5 (webtiles) character file.

Game seed: 2481520006645652288

75 qw the Shooter (level 4, 0/28 HPs)
             Began as a Gargoyle Hunter on Sept 6, 2023.
             Slain by Robin
             ... wielding a +0 spear
              (2 damage)
             ... on level 3 of the Dungeon.
             The game lasted 00:00:27 (2005 turns).

qw the Shooter (Gargoyle Hunter)                    Turns: 2005, Time: 00:00:28

Health: 0/28       AC:  6    Str: 23    XL:     4   Next: 31%
Magic:  4/4        EV: 17    Int: 10    God:
Gold:   143        SH:  0    Dex: 15    Spells: 3/3 levels left

rFire   + . .        Y - +1 shortbow
rCold   + . .        (shield currently unavailable)
rNeg    + + .        b - +1 robe {rC+ rF+}
rPois   inf          (no helmet)
rElec   +            (no cloak)
rCorr   .            (no gloves)
SInv    .            (no boots)
Will    .....        (no amulet)
Stlth   ++           f - +6 ring of strength
HPRegen 0.24/turn    a - ring "Vuaneuz" {rN+ EV+5 Str+3}
MPRegen 0.09/turn

%: no passive effects
@: no status effects
A: sickness immunity, AC +3, negative energy resistance 1, electricity
resistance, torment resistance 1, petrification resistance
a: no special abilities


You were on level 3 of the Dungeon.
You visited 1 branch of the dungeon, and saw 3 of its levels.

You collected 143 gold pieces.


Innate Abilities, Weirdness & Mutations

You are immune to sickness and miasma.
Your stone body is resilient. (AC +3)
You are immune to poison.
You resist negative energy. (rN+)
You are resistant to electric shocks. (rElec)
You are resistant to unholy torment.
You are immune to petrification.


   Skills:
 - Level 3.0 Fighting
 + Level 5.3 Ranged Weapons
 - Level 1.5 Dodging
 - Level 1.1 Stealth


You had 3 spell levels left.
You didn't know any spells.
Your spell library was empty.

Inventory:

Hand Weapons
 Y - a +1 shortbow (weapon)
Armour
 b - a +1 robe of resistance (worn)
 c - a +0 leather armour
Jewellery
 a - the ring "Vuaneuz" (right hand) {rN+ EV+5 Str+3}
   (You found it on level 2 of the Dungeon)

   [ring of evasion]

   EV+5:      It affects your evasion (+5).
   Str+3:     It affects your strength (+3).
   rN+:       It protects you from negative energy.
 e - a ring of fire
 f - a +6 ring of strength (left hand)
Scrolls
 o - a scroll of identify
Potions
 d - a potion of magic {unknown}
 g - a potion of mutation {unknown}
 h - a potion of cancellation
 i - a potion of enlightenment {unknown}
 j - a potion of ambrosia {unknown}
 l - a potion of curing {unknown}
 n - a potion of invisibility {unknown}

Dungeon Overview and Level Annotations

Branches:
Dungeon (3/15)

Altars:

Annotations:
D:3 Robin


Message History

The goblin misses you. The goblin hits you but does no damage.
The goblin closely misses you. The hobgoblin completely misses you.
You shoot an arrow. The arrow hits the hobgoblin.
You kill the hobgoblin!
The goblin misses you. The goblin completely misses you.
The goblin barely misses you. The goblin closely misses you.
The goblin hits you with a +0 dagger. The goblin hits you with a +0 club.
You shoot an arrow. The arrow closely misses the goblin.
The goblin no longer looks unusually strong. x2
The goblin barely misses you.
Robin roars a battlecry!
The goblins go into a battle-frenzy!
The goblin hits you with a +0 dagger. The goblin closely misses you.
The goblin hits you with a +0 club.
You shoot an arrow. The arrow closely misses the goblin.
The goblin no longer looks unusually strong.
The goblin misses you. The goblin hits you with a +0 dagger.
Robin throws the goblin at you! The goblin closely misses you.
The goblin completely misses you.
You shoot an arrow. The arrow closely misses the goblin.
The goblin barely misses you. Robin barely misses you.
The goblin closely misses you. The goblin barely misses you. x2
You shoot an arrow. The arrow hits the goblin!
You kill the goblin!
Robin completely misses you. The goblin barely misses you.
The goblin hits you with a +0 club. The goblin hits you but does no damage.
You shoot an arrow. The arrow hits the goblin!
You kill the goblin!
The goblin barely misses you.
Robin roars a battlecry!
The goblin goes into a battle-frenzy!
The goblin closely misses you.
You shoot an arrow. The arrow hits the goblin!
You kill the goblin!
Robin hits you from afar with a +0 spear.
The goblin closely misses you.
You shoot an arrow. The arrow closely misses the goblin.
Robin hits you from afar with a +0 spear.
You die...
Robin calls out, "Let's celebrate!
Time for a feast!"

#.#.##.#...........
#...<..##..#.......
###.##.##..#........
#.................
#.................
##................
#................
#......)g)#......
#.......@)g$#.#
.......>)).)......
.........####)#....
#........# ...!..
........# .....
....... ..... .....
.... .... ....


You could see Robin and a goblin (strong).

Vanquished Creatures
  Jessica (D:2)
  A worm (D:2)
  2 dart slugs
  7 endoplasms
  2 giant cockroaches
  11 goblins
  3 hobgoblins
  A quokka (D:3)
  3 ball pythons (D:2)
  2 bats
  4 kobolds
  2 rats (D:1)
39 creatures vanquished.

Notes
Turn   | Place    | Note
-------+----------+-------------------------------------------
     0 | D:1      | qw the Gargoyle Hunter began the quest for the Orb.
     0 | D:1      | Reached XP level 1. HP: 12/12 MP: 1/1
     0 | D:1      | 0 ||| qw: Version: 0.3-a-76-g4403597
     0 | D:1      | 0 ||| qw: Game counter: 250
     0 | D:1      | 0 ||| qw: Melee chars always use a shield: true
     0 | D:1      | 0 ||| qw: God list: Okawaru
     0 | D:1      | 0 ||| qw: Allow faded altars: false
     0 | D:1      | 0 ||| qw: Do Orc after clearing Dungeon:15 true
     0 | D:1      | 0 ||| qw: Do second Lair branch before Depths: true
     0 | D:1      | 0 ||| qw: Lair rune preference: random
     0 | D:1      | 0 ||| qw: Goals: Normal
     0 | D:1      | 0 ||| PLANNING D:1-11
   191 | D:1      | Reached XP level 2. HP: 17/17 MP: 2/2
   401 | D:1      | 401 ||| DROPPING +1 sling of electrocution.
   843 | D:1      | 843 ||| UPGRADING to +6 ring of strength.
   844 | D:1      | 844 ||| READING scroll labelled LURRUI VUVEOTA.
   845 | D:1      | 845 ||| DRINKING 2 viscous red potions.
   846 | D:1      | 846 ||| DRINKING 2 black potions.
   847 | D:1      | 847 ||| DROPPING scroll of butterflies.
   848 | D:1      | 848 ||| DROPPING potion of attraction.
   910 | D:2      | Noticed Jessica
   915 | D:2      | Killed Jessica
   916 | D:2      | Reached skill level 5 in Ranged Weapons
   916 | D:2      | Reached XP level 3. HP: 14/21 MP: 3/3
   945 | D:2      | Identified the ring "Vuaneuz" {rN+ EV+5 Str+3}
   992 | D:2      | HP: 3/21 [worm (5)]
  1505 | D:2      | Reached XP level 4. HP: 27/27 MP: 4/4
  1928 | D:2      | 1928 ||| UPGRADING to +1 robe of resistance.
  1938 | D:2      | 1938 ||| UPGRADING to ring "Vuaneuz" {rN+ EV+5 Str+3}.
  1939 | D:2      | 1939 ||| READING scroll labelled NAK GAJIGIS.
  1940 | D:2      | 1940 ||| READING scroll labelled LUNWIS HIZEYG.
  1982 | D:3      | Noticed Robin
  1986 | D:3      | Reached skill level 3 in Fighting
  1989 | D:3      | 1989 ||| Stepping ~*~*~tactically~*~*~ (outnumbered).
  2000 | D:3      | HP: 7/28 [goblin/+0 dagger[Robin] (5)]
  2002 | D:3      | HP: 2/28 [goblin/+0 club[Robin] (5)]
  2005 | D:3      | Slain by Robin

Levels and vault maps discovered:
D:1:      beargit_arrival_greenhouse, layout_basic, nrook_mini_vaults
D:2:      layout_basic, uniq_jessica
D:3:      layout_rooms, chequers_ecumenical_altar_simple, uniq_robin

Skill      XL: |  1  2  3  4 |
---------------+-------------+-----
Ranged Weapons | 5 |  5.3
Fighting       | 3 |  3.0
Dodging        | |  1.5
Stealth        | |  1.1

Action                     |  1- 3 |  4- 6 || total
---------------------------+-------+-------++-------
   Fire: Shortbow          |    62 |    26 ||    88
    Use: Potion            |     2 |       ||     2
         Scroll            |     1 |     2 ||     3
 Armour: Leather armour    |     7 |       ||     7
         Robe              |       |    22 ||    22
  Dodge: Dodged            |     5 |    38 ||    43

Table legend:
 A = Non-vault XP
 B = Vault XP
 C = Vault XP percentage of total XP
 D = Non-vault monster count
 E = Vault monster count
 F = Vault count percentage of total count
                 A         B        C        D         E       F
            +---------+---------+-------+---------+---------+-------
      Total |      52 |      56 |  51.9 |      28 |      11 |  28.2
            +---------+---------+-------+---------+---------+-------
        D:1 |      17 |       0 |   0.0 |      10 |       0 |   0.0
        D:2 |      32 |      37 |  53.6 |      16 |       1 |   5.9
        D:3 |       3 |      19 |  86.4 |       2 |      10 |  83.3
            +---------+---------+-------+---------+---------+-------
